AoeStats
← [AirBo]一大包

African Clearing

505235290Analyzed
4v4 RM · 23d ago on Sep 8, 2026· 53m 40s· 8 players
Game mode
Random Map
Map size
Large (8 player)
Population
200
Speed
Normal
Resources
Standard
Victory
Conquest
Starting age
Dark Age
Ending age
Imperial Age
RankedLock teamsTeams togetherTeam positionsShared explorationLock speedFull tech treeHidden civsTurbo modeCheats
Victory
Defeat
🇦🇷 Mongols · Argentina
1685
+11
🇭🇰 Muisca · Hong Kong SAR China
1668
+12
🇹🇼 Byzantines · Taiwan
1563
+16
🇹🇼 Hindustanis · Taiwan
1550
+17
🇹🇼 Bengalis · Taiwan
1615
-16
🇺🇸 Malay · United States
1571
-14
🇨🇳 Bulgarians · China
1570
-14
🇻🇳 Celts · Vietnam
1529
-12
THL
12:36 Feudal Age
14:29 Loom
16:55 Castle Age
14:54 Double-Bit Axe
16:45 Horse Collar
18:54 Bow Saw
19:10 Heavy Plow
26:59 Wheelbarrow
27:02 Elite Skirmisher
27:33 Fletching
28:18 Bodkin Arrow
29:04 Padded Archer Armor
29:31 Ballistics
33:10 Imperial Age
32:02 Hand Cart
32:11 Stone Mining
34:03 Leather Archer Armor
33:49 Scale Mail Armor
33:59 Forging
33:12 Pikeman
35:34 Chemistry
35:20 Halberdier
47:42 Chain Mail Armor
48:46 Plate Mail Armor
49:43 Iron Casting
49:40 Elite Woad Raider
50:42 Conscription
51:10 Arson
52:41 Blast Furnace
第一滴血
10:21 Loom
12:36 Feudal Age
14:49 Double-Bit Axe
17:06 Forging
18:06 Scale Barding Armor
23:43 Castle Age
22:47 Bloodlines
23:42 Gold Mining
27:05 Chain Barding Armor
28:09 Wheelbarrow
27:27 Fletching
28:18 Bodkin Arrow
31:34 Padded Archer Armor
33:35 Ballistics
34:01 Thumb Ring
35:48 Hand Cart
36:11 Gold Shaft Mining
35:47 Bow Saw
41:21 Imperial Age
38:50 Horse Collar
40:43 Elite Skirmisher
41:49 Leather Archer Armor
42:32 Bracer
43:36 Chemistry
46:23 Elite Konnik
48:37 Chain Barding Armor
49:23 Heavy Plow
50:19 Plate Barding Armor
50:20 Iron Casting
51:54 Crop Rotation
53:34 Blast Furnace
52:35 Scale Mail Armor
YanShiba
10:11 Loom
13:49 Feudal Age
17:45 Castle Age
16:04 Double-Bit Axe
18:46 Fletching
22:56 Gold Mining
23:59 Husbandry
27:31 Bodkin Arrow
31:24 Padded Archer Armor
33:51 Bloodlines
37:01 Leather Archer Armor
37:21 Horse Collar
37:54 Town Watch
38:46 Bow Saw
44:11 Imperial Age
43:17 Gold Shaft Mining
43:19 Wheelbarrow
42:57 Paiks
43:41 Devotion
44:55 Bracer
45:57 Chemistry
45:17 Ballistics
45:23 Conscription
45:16 Elite Ratha (Ranged)
50:30 Two-Man Saw
49:31 Heavy Plow
50:12 Elite Skirmisher
50:56 Elite Elephant Archer
PaLikaRi
6:05 Loom
14:17 Feudal Age
14:14 Town Watch
21:08 Castle Age
19:15 Fishing Lines
19:38 Double-Bit Axe
21:03 Bow Saw
23:02 Fletching
23:08 Crossbowman
27:11 Horse Collar
29:30 Gillnets
32:37 Bodkin Arrow
36:35 Padded Archer Armor
37:49 Wheelbarrow
38:02 Leather Archer Armor
39:45 Hand Cart
39:49 Thumb Ring
43:32 Heavy Plow
48:22 Imperial Age
48:38 Imperial Age
46:36 Pikeman
47:28 Forging
49:00 Bracer
48:38 Arbalester
[AirBo]實心包
6:06 Loom
12:27 Feudal Age
13:53 Champi Runner
22:00 Castle Age
30:17 Squires
30:17 Town Watch
33:52 Double-Bit Axe
39:30 Fletching
40:04 Bow Saw
40:25 Bodkin Arrow
46:05 Horse Collar
49:17 Imperial Age
47:31 Wheelbarrow
49:29 Imperial Age
50:11 Bracer
50:48 Ballistics
51:28 Chemistry
51:07 Scale Mail Armor
51:18 Forging
51:11 Padded Archer Armor
53:16 Two-Man Saw
52:16 Heavy Plow
52:07 Gold Mining
[AirBo]一大包
3:56 Loom
13:13 Feudal Age
17:24 Castle Age
15:55 Fletching
17:21 Double-Bit Axe
18:20 Wheelbarrow
17:43 Gold Mining
18:35 Wheelbarrow
18:02 Bodkin Arrow
19:27 Padded Archer Armor
20:25 Leather Archer Armor
23:10 Horse Collar
26:37 Town Watch
29:04 Thumb Ring
38:18 Imperial Age
37:32 Ballistics
39:42 Bracer
41:01 Chemistry
40:42 Thumb Ring
41:32 Gold Mining
41:33 Stone Mining
42:12 Leather Archer Armor
42:10 Heavy Cavalry Archer
45:11 Gold Shaft Mining
45:11 Stone Shaft Mining
45:20 Husbandry
45:31 Bloodlines
46:47 Ring Archer Armor
46:23 Scale Barding Armor
46:29 Forging
47:22 Hand Cart
47:20 Light Cavalry
48:51 Chain Barding Armor
49:40 Iron Casting
50:01 Hussar
52:26 Plate Barding Armor
52:52 Blast Furnace
甜心包
6:02 Loom
15:21 Feudal Age
18:55 Castle Age
17:08 Double-Bit Axe
18:07 Fishing Lines
22:05 Bow Saw
32:08 Scale Barding Armor
32:13 Forging
35:38 Fletching
36:25 Bodkin Arrow
39:52 Imperial Age
38:10 Sanctity
38:53 Wheelbarrow
40:46 Bracer
41:21 Block Printing
42:00 Illumination
42:53 Theocracy
44:20 Wheelbarrow
45:02 Redemption
45:09 Fervor
45:41 Hand Cart
47:29 Devotion
47:30 Atonement
[AirBo]空氣包
12:05 Feudal Age
12:51 Loom
13:53 Double-Bit Axe
16:09 Castle Age
14:29 Gold Mining
17:28 Bow Saw
21:58 Stone Mining
23:31 Fletching
23:58 Town Watch
24:50 Wheelbarrow
24:34 Bodkin Arrow
31:22 Imperial Age
29:47 Gold Shaft Mining
29:55 Stone Shaft Mining
30:31 Ballistics
32:07 Bracer
33:27 Chemistry
33:38 Conscription
33:45 Bloodlines
33:35 Husbandry
34:07 Horse Collar
35:28 Thumb Ring
35:39 Elite Mangudai
36:52 Padded Archer Armor
36:39 Light Cavalry
37:25 Scale Barding Armor
38:15 Hussar
39:42 Chain Barding Armor
41:23 Forging
42:22 Leather Archer Armor
43:17 Iron Casting
45:00 Hoardings
45:29 Hand Cart
47:03 Blast Furnace
48:30 Capped Ram
48:30 Onager
50:18 Drill
50:19 Siege Engineers
50:37 Town Patrol
50:19 Siege Onager
Connection lost

Rejoining the realm…

Still unreachable

The connection could not be restored.

Session expired

The server has moved on; the page needs a fresh start.